 Dungeon Crawl Stone Soup version 0.24.0-13-gcf9b3192b9 (webtiles) character file.

Game seed: 8320365659567687477, levelgen mode: deterministic

33 Descartes the Scratcher (level 3, 0/15 HPs)
             Began as a Felid Transmuter on Nov 8, 2019.
             Slain by a hobgoblin (2 damage)
             ... on level 1 of the Dungeon.
             The game lasted 00:01:58 (1138 turns).

Descartes the Scratcher (Felid Transmuter)          Turns: 1138, Time: 00:01:58

Health: 0/15       AC:  1    Str:  7    XL:     3   Next: 12%
Magic:  7/7        EV: 18    Int: 14    God:
Gold:   61         SH:  0    Dex: 16    Spells: 5/6 levels left
                                        Lives:  0   Deaths: 0

rFire    . . .     SeeInvis +     - Unarmed
rCold    . . .     Gourm    .   (shield unavailable)
rNeg     . . .     Faith    .   (armour unavailable)
rPois    .         Spirit   .   (helmet unavailable)
rElec    .         Reflect  .   (cloak unavailable)
rCorr    .         Harm     .   (gloves unavailable)
MR       .....                  (boots unavailable)
Stlth    ++........             b - amulet of rage
HPRegen  0.05/turn              (no ring)
MPRegen  0.10/turn              (no ring)

@: quick
A: very small, no armour, no weapons or thrown items, stealth, claws 1, fangs 3,
see invisible, carnivore, speed 1, shaggy fur 1, slow metabolism 1, sharp paws
a: Evoke Berserk Rage


You were on level 1 of the Dungeon.
You were completely stuffed.

You visited 1 branch of the dungeon, and saw 2 of its levels.

You collected 61 gold pieces.

Inventory:

Missiles
 a - 58 arrows
Jewellery
 b - an amulet of rage (around neck)
 j - an uncursed amulet of regeneration {unknown}
Scrolls
 f - a scroll of identify {unknown}
 h - a scroll of noise {unknown}
Potions
 d - a potion of invisibility {unknown}
 e - a potion of brilliance {unknown}
 i - 2 potions of flight {unknown}
Comestibles
 c - 6 rations
 g - a chunk of flesh


   Skills:
 + Level 1.2 Fighting
 + Level 3.1 Dodging
 + Level 1.2 Stealth
 * Level 3.4 Unarmed Combat
 + Level 2.2 Spellcasting
 * Level 2.6 Transmutations


You had 5 spell levels left.
You knew the following spells:

 Your Spells              Type           Power        Failure   Level  Hunger
a - Beastly Appendage     Tmut           #.....       8%          1    #......

Your spell library contained the following spells:

 Spells                   Type           Power        Failure   Level  Hunger
 Sticks to Snakes         Tmut           #.......     12%         2    ###....
 Spider Form              Tmut/Pois      #.........   38%         3    ###....
 Ice Form                 Ice/Tmut       #.......     80%         4    #####..
 Blade Hands              Tmut           #.........   91%         5    ######.


Dungeon Overview and Level Annotations

Branches:
Dungeon (2/15)

Altars:


Innate Abilities, Weirdness & Mutations

You cannot wear armour.
You are incapable of wielding weapons or throwing items.
Your paws allow you to move quietly. (Stealth)
You have sharp claws.
You have razor-sharp teeth.
You have supernaturally acute eyesight. (SInv)
You are carnivorous and can eat meat at any time.
You cover ground quickly.
You are covered in fur. (AC +1)
You have a slow metabolism.
Your sharp claws are effective at attacking unaware monsters.


Message History

Your transformation is almost over.
You see here a square jasper amulet.
j - a square jasper amulet
There is a stone staircase leading up here.
Your horns disappear.
The hobgoblin closely misses you.
You climb upwards.
There is a stone staircase leading down here.
A hobgoblin is nearby!
You scratch the hobgoblin.
The hobgoblin is heavily wounded.
The hobgoblin hits you.
* * * LOW HITPOINT WARNING * * *
You scratch the hobgoblin.
The hobgoblin is severely wounded.
The hobgoblin completely misses you.
You closely miss the hobgoblin.
The hobgoblin is severely wounded.
The hobgoblin hits you.
You die...

.....####
#.##.##......[......##.
........#
#.##.##.#####.########.
....###.# #.......# #.# #.
....# #.# ####.##.# #.#
##. ....# #.# #.##.# #.#
#.. ....# #.######.##.#
#.# #'# ....#
#...........# #.## ##.#
##.## #.########g## #..###
#..( #.# #.# #@#
####.###.(( ##.####.# #.#
#...#..(. ........# #.#
#..(#(((.
##.####.########.#
#.<('((8( #.#
#.รท........# #...#(..(
#.# ###.###....# #...#(((.
##.# #)..#..#..#
####.###(.( ...#
#.#..(##..######..###.#...
####
#.##(..#..............##.#


You could see a hobgoblin.

Vanquished Creatures
  A worm (D:2)
  2 dart slugs (D:1)
  3 giant cockroaches (D:1)
  2 hobgoblins (D:1)
  A jackal (D:1)
  3 bats
  4 frilled lizards
  4 goblins
  3 kobolds
  4 rats (D:1)
27 creatures vanquished.

Notes
Turn   | Place    | Note
-------+----------+-------------------------------------------
     0 | D:1      | Descartes the Felid Transmuter began the quest for the Orb.
     0 | D:1      | Reached XP level 1. HP: 9/9 MP: 4/4
   445 | D:1      | Reached XP level 2. HP: 12/12 MP: 4/6
   808 | D:1      | Reached skill level 1 in Stealth
  1080 | D:2      | Reached XP level 3. HP: 15/15 MP: 5/7
  1138 | D:1      | Slain by a hobgoblin

Levels and vault maps discovered:
D:1:      minmay_arrival_shattered_statue, layout_loops_ring,
          kennysheep_pointless_box, minmay_tetromino_t4
D:2:      layout_rooms, overflow_temple_1_default, lemuel_crystal_altar,
          nicolae_dithmenos_shadow_blocks, uniq_crazy_yiuf_cottage

Skill      XL: |  1  2 |
---------------+-------+-----
Stealth        | 1 |  1.2
Dodging        | 3 |  3.1
Fighting       | |  1.2
Unarmed Combat | |  3.4
Spellcasting   | |  2.2
Transmutations | |  2.6

Action                   || total
-------------------------++-------
Melee: Unarmed           ||    66
       Headbutt          ||    11
       Bite              ||     5
       Punch             ||     1
 Cast: Beastly Appendage ||    15
 Stab: Sleeping          ||     4
  Eat: Chunk             ||     8
Armor: Skin              ||     3
Dodge: Dodged            ||    40
